 Seeded DCSS version 0.29.1-15-g9cfb28693d (webtiles) character file.

Game seed: 10705080513492541372 (custom seed)

42 Psyclone the Conjurer (level 3, 0/19 HPs)
             Began as a Deep Elf Conjurer on Sept 25, 2023.
             Slain by an orc
             ... wielding a +0 hand axe
              (6 damage)
             ... on level 3 of the Dungeon.
             The game lasted 00:03:34 (1839 turns).

Psyclone the Conjurer (Deep Elf Conjurer)           Turns: 1839, Time: 00:03:35

Health: 0/19       AC:  2    Str:  4    XL:     3   Next: 35%
Magic:  19/19      EV: 12    Int: 24    God:
Gold:   116        SH:  0    Dex: 13    Spells: 7/10 levels left

rFire   . . .      SeeInvis .   l - +10 dagger of Grandeur {holy, rElec MP+9}
rCold   . . .      Faith    .   (no shield)
rNeg    . . .      Spirit   .   a - +0 robe
rPois   .          Reflect  .   (no helmet)
rElec   +          Harm     .   (no cloak)
rCorr   .          Rampage  .   (no gloves)
Will    .....                   (no boots)
Stlth   ++........              (no amulet)
HPRegen 0.06/turn               f - +4 ring of slaying
MPRegen 0.16/turn               n - +4 ring of slaying

@: no status effects
A: no striking features
a: no special abilities


You were on level 3 of the Dungeon.
You visited 1 branch of the dungeon, and saw 3 of its levels.

You collected 116 gold pieces.

Inventory:

Hand Weapons
 l - the +10 dagger of Grandeur (weapon) {holy, rElec MP+9}
   (You found it on level 2 of the Dungeon)

   It has been blessed by the Shining One to cause great damage to the undead
   and demons.
   rElec:     It insulates you from electricity.
   MP:        It affects your magic capacity (+9).
Armour
 a - a +0 robe (worn)
Jewellery
 c - a +6 ring of dexterity
 f - a +4 ring of slaying (left hand)
 j - a ring of wizardry
 n - a +4 ring of slaying (right hand)
Scrolls
 e - a scroll of torment {unknown}
 g - a scroll of silence {unknown}
 k - 3 scrolls of identify {unknown}
 p - a scroll of magic mapping {unknown}
 q - a scroll of fog {unknown}
 r - a scroll of teleportation {unknown}
Potions
 b - a potion of magic
 d - 2 potions of flight {unknown}
 h - 3 potions of curing {unknown}
 i - 2 potions of haste {unknown}
 m - a potion of mutation {unknown}
 o - a potion of resistance


   Skills:
 - Level 2.4 Dodging
 - Level 2.4 Stealth
 + Level 4.2 Spellcasting
 + Level 5.1 Conjurations


You had 7 spell levels left.
You knew the following spells:

 Your Spells              Type           Power      Damage    Failure   Level
a - Magic Dart            Conj           100%       1d8       1%          1
b - Searing Ray           Conj           58%        2d6       1%          2

Your spell library contained the following spells:

 Spells                   Type           Power      Damage    Failure   Level
 Dazzling Flash           Conj/Hex       34%        N/A       10%         3
 Fulminant Prism          Conj/Hex       8%         3d7       32%         4
 Iskenderun's Mystic Bla  Conj/Tloc      17%        2d5       32%         4


Dungeon Overview and Level Annotations

Branches:
Dungeon (3/15) Zot: 16163

Altars:


Message History

You puncture the orc!
You kill the orc!
An orc comes into view. It is wielding a +0 club.
A rat comes into view. 2 orcs come into view.
Things that are here:
a +0 short sword; a +0 scale mail; an orc corpse The orc shouts! x2
You hit the orc.
The orc is heavily wounded.
The orc barely misses you.
You puncture the orc!
You kill the orc!
The orc closely misses you.
You barely miss the orc. The ball python barely misses you.
The ball python closely misses you.
You hit the ball python.
The ball python is severely wounded.
The ball python misses you. The ball python barely misses you.
The orc hits you but does no damage.
You hit the ball python.
You kill the ball python!
The orc hits you with a +0 short sword. The orc misses you.
You take 4 damage, and have 14/19 hp.
MASSIVE DAMAGE!!
You puncture the orc!
You kill the orc!
The orc closely misses you. The orc attacks as you move away!
The orc hits you with a +0 club. The orc attacks as you move away!
The orc hits you with a +0 hand axe. The orc misses you.
You take 5 damage, and have 9/19 hp.
MASSIVE DAMAGE!!
The orc attacks as you move away! The orc completely misses you.
The orc closely misses you. The orc barely misses you.
A goblin comes into view. It is wielding a +0 club.
The orc attacks as you move away! The orc hits you with a +0 short sword.
You take 1 damage, and have 9/19 hp.
The orc attacks as you move away! The orc hits you with a +0 short sword.
The orc attacks as you move away! The orc hits you with a +0 hand axe.
You die...

####.#.......#
#.#.......#
#.........#
#.#......##
#.#......#
#####.#......#
+....>.......#
#####.##.....#
#######@##.....#
.......oo......#
#...#..........
#.#...#oo######
#...#))#
##..#or# .. #..#
g.. .... ...
....#


You could see 5 orcs, a goblin (wandering) and a rat.

Vanquished Creatures
  3 orcs (D:3)
  5 bats
  An endoplasm (D:2)
  A giant cockroach (D:1)
  2 goblins (D:2)
  5 hobgoblins
  4 quokkas
  6 ball pythons
  A frilled lizard (D:1)
  3 kobolds (D:2)
  A rat (D:1)
32 creatures vanquished.

Notes
Turn   | Place    | Note
-------+----------+-------------------------------------------
     0 | D:1      | Psyclone the Deep Elf Conjurer began the quest for the Orb.
     0 | D:1      | Reached XP level 1. HP: 10/10 MP: 6/6
   450 | D:1      | Reached XP level 2. HP: 15/15 MP: 4/8
   572 | D:1      | Learned a level 2 spell: Searing Ray
   626 | D:1      | Found a faded altar of an unknown god.
  1171 | D:2      | Identified the +10 dagger of Grandeur {holy, rElec MP+9}
  1639 | D:2      | Reached XP level 3. HP: 19/19 MP: 10/10
  1641 | D:2      | Reached skill level 5 in Conjurations
  1839 | D:3      | Slain by an orc

Illustrated notes

Levels and vault maps discovered:
D:1:      ebering_hopf_link, layout_basic, ebering_ecumenical_altar_ruins
D:2:      minmay_general_purpose_star, layout_rooms, minmay_cut_off
D:3:      layout_basic, uniq_natasha

Skill      XL: |  1  2  3 |
---------------+----------+-----
Spellcasting   | 4 |  4.2
Conjurations   | 5 |  5.1
Dodging        | |  2.4
Stealth        | |  2.4

Action                   || total
-------------------------++-------
Melee: Dagger            ||    11
 Cast: Magic Dart        ||    42
 Stab: Sleeping          ||     3
Armor: Robe              ||     2
Dodge: Dodged            ||    14
